 Dungeon Crawl Stone Soup version 0.29-a0-317-gd16b76e6b1 (webtiles) character file.

Game seed: 5641011404112712855

1780 Inarius the Cleaver (level 9, -6/59 HPs)
             Began as a Human Chaos Knight on Mar 30, 2022.
             Was a Plaything of Xom.
             Killed by divine providence
             ... invoked by an orc priest
              (15 damage)
             ... on level 7 of the Dungeon.
             The game lasted 00:07:12 (6515 turns).

Inarius the Cleaver (Human Chaos Knight)            Turns: 6515, Time: 00:07:13

Health: -6/59      AC:  7    Str: 14    XL:     9   Next: 29%
Magic:  9/9        EV: 11    Int: 10    God:    Xom [...*..]
Gold:   453        SH: 11    Dex: 19    Spells: 8/8 levels left

rFire   . . .      SeeInvis .   B - +2 war axe (vamp)
rCold   . . .      Faith    .   p - +2 kite shield
rNeg    . . .      Spirit   .   w - +3 leather armour of Zeihe {rPois Will+ Dex+3}
rPois   +          Reflect  .   (helmet restricted)
rElec   .          Harm     .   (no cloak)
rCorr   .          Rampage  .   b - +0 pair of gloves
Will    +....                   (no boots)
Stlth   ++........              n - amulet of the acrobat
HPRegen 0.19/turn               D - ring of poison resistance
MPRegen 0.11/turn               (no ring)

@: no status effects
A: hooves 1, horns 1, agile 1, deterioration 1, dopey 1, frail 1, weak 1, wild
magic 1
a: Renounce Religion


You were on level 7 of the Dungeon.
You worshipped Xom.
You were a favourite toy of Xom.
You visited 1 branch of the dungeon, and saw 7 of its levels.

You collected 453 gold pieces.

Inventory:

Hand Weapons
 a - a +0 hand axe of chaos
 B - a +2 vampiric war axe (weapon)
Armour
 b - a +0 pair of gloves (worn)
 d - an orb of mayhem
 p - a +2 kite shield (worn)
 r - a +0 chain mail
 w - the +3 leather armour of Zeihe (worn) {rPois Will+ Dex+3}
   (You found it on level 4 of the Dungeon)

   Dex:       It affects your dexterity (+3).
   rPois:     It protects you from poison.
   Will:      It increases your willpower.
Jewellery
 n - an amulet of the acrobat (around neck)
 D - a ring of poison resistance (left hand)
Wands
 E - a wand of charming (4)
Scrolls
 g - 2 scrolls of fog
 h - 4 scrolls of magic mapping {unknown}
 j - 3 scrolls of noise
 k - a scroll of fear
 o - 2 scrolls of blinking
 s - 3 scrolls of teleportation {unknown}
 u - 2 scrolls of immolation {unknown}
 x - 2 scrolls of vulnerability {unknown}
 y - a scroll of enchant weapon {unknown}
 z - a scroll of brand weapon {unknown}
 A - a scroll of amnesia {unknown}
Potions
 e - 5 potions of heal wounds {unknown}
 f - 4 potions of curing {unknown}
 i - 3 potions of mutation {unknown}
 l - 5 potions of degeneration {unknown}
 m - 2 potions of attraction
 q - a potion of invisibility {unknown}
 t - a potion of flight {unknown}
 v - a potion of magic {unknown}
 C - 2 potions of might {unknown}
 F - a potion of brilliance {unknown}
Miscellaneous
 c - a piece from Xom's chessboard (15/15) (quivered)


   Skills:
 + Level 4.7 Fighting
 * Level 8.9 Axes
 + Level 3.3 Armour
 + Level 2.8 Dodging
 - Level 1.0 Stealth
 + Level 2.9 Shields
 + Level 4.0 Evocations


You had 8 spell levels left.
You didn't know any spells.
Your spell library contained the following spells:

 Spells                   Type           Power      Damage    Failure   Level
 Blink                    Tloc           0%         N/A       95%         2
 Manifold Assault         Tloc           0%         N/A       100%        5
 Storm Form               Tmut/Air       0%         N/A       100%        7


Dungeon Overview and Level Annotations

Branches:
Dungeon (7/15)             Temple (0/1) D:5

Altars:
Xom


Innate Abilities, Weirdness & Mutations

You have large cloven feet.
You have a pair of small horns on your head.
You are agile. (Dex +2)
Your body sometimes deteriorates upon taking damage.
You are dopey. (Int -2)
You are frail. (-10% HP)
You are weak. (Str -2)
Your spells are a little harder to cast, but a little more powerful.


Message History

You slash the kobold!
You feel better.
You kill the kobold!
You feel sick.
You are no longer poisoned.
Unknown command.
You swap places.
The orc priest mumbles some strange prayers to Beogh against you.
Beogh smites you!
Unknown command.
You hit the orc priest. You kick the orc priest.
The orc priest is heavily wounded.
The orc priest invokes the aid of Beogh against you.
Beogh smites you!
Unknown command.
You are too injured to fight recklessly!
Unknown command.
You are too injured to fight recklessly!
Unknown command.
You are too injured to fight recklessly!
Unknown command.
You are too injured to fight recklessly!
You are too injured to fight recklessly!
Unknown command.
You barely miss the orc priest.
The orc priest is heavily wounded.
The orc priest calls down the wrath of Beogh upon you.
Pain shoots through your body!
* * * LOW HITPOINT WARNING * * *
You closely miss the orc priest.
You kick the orc priest, but do no damage.
The orc priest is heavily wounded.
The orc priest hits you with a +1 flail of holy wrath.
* * * LOW HITPOINT WARNING * * *
You hit the orc priest.
You feel better.
You kick the orc priest.
The orc priest is severely wounded.
The orc priest hits you with a +1 flail of holy wrath.
* * * LOW HITPOINT WARNING * * *
The orc priest mumbles some strange prayers to Beogh against you.
Beogh smites you!
You die...

# #.......# #.
#.......##. #.
#.......##.#
###.####.......##.###
#.....##.......##....
#.#.......#.#...>..#.
#..b#.###.#.#........
####.#b#.###.#.#........
#....bo@b...........#...
#.##.b..b)##.#..(...#...
....b.b.#.##.#.#........
..##.b.bb....#.#..###...
. ###..####.#.#........
#... # #.<....#. ...#
########. ...## ##


You could see an orc priest.

Vanquished Creatures
  An ice beast (D:7)
  2 sky beasts (D:6)
  3 black bears
  An orc warrior (D:7)
  2 ogres
  A phantom (D:4)
  A bullfrog (D:6)
  A kobold brigand (D:7)
  2 necrophages
  2 scorpions
  4 hounds
  A gnoll shaman (D:5)
  2 iguanas
  4 gnolls
  7 adders
  2 ufetubi
  3 worms
  3 dart slugs
  3 orcs
  10 ball pythons
  6 endoplasms
  8 giant cockroaches
  9 goblins
  7 hobgoblins
  7 jackals
  12 kobolds
  4 quokkas
  4 bats
  4 frilled lizards
  7 rats
123 creatures vanquished.

Vanquished Creatures (collateral kills)
  An orc warrior (D:6)
  A gnoll (D:6)
  An adder (D:6)
  An orc (D:6)
  A hobgoblin (D:2)
  A frilled lizard (D:2)
6 creatures vanquished.

Vanquished Creatures (others)
  Menkaure (D:6)
  A worm (D:2)
  A hobgoblin (D:3)
3 creatures vanquished.

Grand Total: 132 creatures vanquished

Notes
Turn   | Place    | Note
-------+----------+-------------------------------------------
     0 | D:1      | Inarius the Human Chaos Knight began the quest for the Orb.
     0 | D:1      | Reached XP level 1. HP: 18/18 MP: 1/1
    17 | D:1      | XOM: potion effect (haste)
   223 | D:1      | Reached XP level 2. HP: 24/24 MP: 2/2
   515 | D:1      | Reached XP level 3. HP: 29/29 MP: 3/3
   590 | D:1      | Reached skill level 1 in Evocations
   633 | D:1      | XOM: divination: detect items
   658 | D:1      | XOM: silly message
   950 | D:1      | Found a faded altar of an unknown god.
  1037 | D:1      | XOM: summons 2 hostile demons
  1273 | D:1      | XOM: give mutation
  1273 | D:1      | Gained mutation: You are dopey. (Int -2) [Xom's mischief]
  1413 | D:2      | XOM: 1-stop teleportation journey
  1660 | D:2      | Reached skill level 1 in Stealth
  1660 | D:2      | Reached XP level 4. HP: 28/35 MP: 4/4
  1758 | D:2      | XOM: summons 1 hostile shadow creature
  1890 | D:2      | XOM: 2-stop teleportation journey
  2124 | D:2      | XOM: butterfly on damage
  2130 | D:2      | Reached skill level 4 in Axes
  2292 | D:2      | XOM: give mutations
  2292 | D:2      | Gained mutation: Your body sometimes deteriorates upon
                  | taking damage. [Xom's mischief]
  2292 | D:2      | Gained mutation: You are frail. (-10% HP) [Xom's mischief]
  2292 | D:2      | Gained mutation: You are weak. (Str -2) [Xom's mischief]
  2472 | D:3      | XOM: swap monsters
  2480 | D:3      | Reached XP level 5. HP: 29/36 MP: 5/5
  2690 | D:3      | XOM: confusion (+ monsters)
  2940 | D:3      | XOM: smoke on damage
  3117 | D:2      | XOM: give mutations
  3117 | D:2      | Gained mutation: You have a pair of small horns on your
                  | head. [Xom's grace]
  3117 | D:2      | Gained mutation: You have large cloven feet. [Xom's grace]
  3117 | D:2      | Gained mutation: You are agile. (Dex +2) [Xom's grace]
  3117 | D:2      | Gained mutation: Your spells are a little harder to cast,
                  | but a little more powerful. [Xom's grace]
  3173 | D:3      | Reached XP level 6. HP: 43/43 MP: 6/6
  3204 | D:3      | Noticed an ogre
  3219 | D:3      | Killed an ogre
  3220 | D:3      | Reached skill level 5 in Axes
  3873 | D:4      | XOM: swap monsters
  3996 | D:4      | Reached XP level 7. HP: 42/47 MP: 7/7
  4089 | D:4      | Reached skill level 6 in Axes
  4256 | D:4      | Identified the +3 leather armour of Zeihe {rPois Will+
                  | Dex+3}
  4531 | D:5      | Entered Level 5 of the Dungeon
  4666 | D:5      | Reached skill level 1 in Shields
  4705 | D:5      | XOM: god gift: 46 gold pieces
  4797 | D:5      | Found a staircase to the Ecumenical Temple.
  5004 | D:5      | XOM: silly message
  5093 | D:6      | Reached XP level 8. HP: 54/54 MP: 8/8
  5112 | D:6      | XOM: noise
  5122 | D:6      | XOM: butterfly on damage
  5125 | D:6      | XOM: enchant monster (good)
  5130 | D:6      | Reached skill level 7 in Axes
  5323 | D:6      | XOM: cleaving
  5358 | D:6      | XOM: scenery: create altars
  5389 | D:6      | XOM: god gift: twisted wooden wand {god gift}
  5496 | D:6      | Noticed Menkaure
  5497 | D:6      | XOM: butterfly on damage
  5498 | D:6      | Reached skill level 8 in Axes
  5684 | D:6      | Reached XP level 9. HP: 59/59 MP: 9/9
  5686 | D:6      | Your ally Menkaure died
  5961 | D:7      | XOM: scenery: summon butterflies
  6418 | D:7      | XOM: enchant monster (bad)
  6503 | D:7      | XOM: scenery: summon butterflies
  6515 | D:7      | Killed from afar by an orc priest

Illustrated notes

Levels and vault maps discovered:
D:1:      minmay_arrival_solitary_statue, layout_loops_ring,
          basic_ecumenical_altar
D:2:      layout_rooms, minivault_19
D:3:      layout_rooms
D:4:      layout_gridville, minmay_cupped
D:5:      layout_rooms, minmay_temple_entry_glass
D:6:      layout_cave_pools, uniq_menkaure
D:7:      layout_loops_cross, hangedman_decor_peaks_small

Skill      XL: |  1  2  3  4  5  6  7  8  9 |
---------------+----------------------------+-----
Evocations     | 1 2 3 4 |  4.0
Stealth        | 1 |  1.0
Axes           | 4 5 6 8 |  8.9
Fighting       | 4 |  4.7
Dodging        | 2 |  2.8
Armour         | 3 |  3.3
Shields        | 1 2 |  2.9

Action                   |  1- 3 |  4- 6 |  7- 9 || total
-------------------------+-------+-------+-------++-------
Melee: Hand axe          |   140 |   150 |    32 ||   322
       Kick              |       |    10 |    59 ||    69
       Headbutt          |       |     7 |    29 ||    36
       War axe           |       |       |   122 ||   122
Evoke: Piece from Xom's  |     1 |     4 |       ||     5
       Wand              |       |       |     3 ||     3
  Use: Scroll            |       |       |     5 ||     5
 Stab: Sleeping          |     1 |     1 |       ||     2
       Petrified         |    14 |       |       ||    14
       Petrifying        |     1 |       |       ||     1
       Paralysed         |       |     2 |       ||     2
Armor: Leather armour    |    61 |    52 |    40 ||   153
       Chain mail        |       |    27 |     9 ||    36
Dodge: Dodged            |    73 |    95 |    66 ||   234
Block: Kite shield       |       |    32 |    98 ||   130

Table legend: (Time is in decaauts)
 A = Elapsed time spent in this place.
 B = Non-inter-level travel time spent in this place.
 C = Inter-level travel time spent in this place.
 D = Time resting spent in this place.
 E = Time spent auto-exploring this place.
 F = Levels seen in this place.
 G = Mean time per level.
                   A        B        C        D        E       F      G
               +--------+--------+--------+--------+--------+-----+--------+
         Total |   6589 |   6444 |    145 |   1759 |   3466 |   7 |  941.3 |
       Dungeon |   6589 |   6444 |    145 |   1759 |   3466 |   7 |  941.3 |
               +--------+--------+--------+--------+--------+-----+--------+

Top non-repeatable levels by time:
     D:1: 1735 daAuts
     D:2: 1092 daAuts
     D:3: 949 daAuts
     D:6: 891 daAuts
     D:4: 786 daAuts
     D:5: 719 daAuts
     D:7: 413 daAuts
